Cogmind - Beta 12 X6 @@@ ROGUE MODE // 2023.02.19 @ 14:40:15 Player: kasaphescent Result: Destroyed by Y-72 Warden with Railgun Performance ------------- Evolutions (8) 4000 Regions Visited (12) 2400 Robots Destroyed (27) 135 Value Destroyed (777) 777 Prototype IDs (29) 580 Alien Tech Used (0) 0 Bonus (884) 884 TOTAL SCORE: 8776 Bonus ------- Follower Combat Kills 84 Entered DSFs 500 Aligned with FarCom 300 Cogmind --------- Core Integrity 0/1450 Matter 240/300 Energy 100/100 System Corruption 3% Temperature Cool (0) Movement Core (50) Location -2/Research Parts ------- > --- POWER (1) -------- (None) > --- PROPULSION (2) --- (None) > --- UTILITY (18) ----- Improved Terrain Scan Processor Improved Terrain Scan Processor Advanced Terrain Scan Processor Improved Melee Analysis Suite Advanced Melee Analysis Suite Improved Target Analyzer Improved Target Analyzer Improved System Shield > --- WEAPON (2) ------- (None) > --- INVENTORY (5) ---- Supersonic Drone Bay (1/1) Mini Grenade Launcher Peak State ------------ > --- POWER ------------ Light Ion Engine > --- PROPULSION ------- Q-thruster Q-thruster > --- UTILITY ---------- Advanced Signal Interpreter Advanced Signal Interpreter Advanced Terrain Scanner Improved Terrain Scan Processor Improved Terrain Scan Processor Advanced Terrain Scan Processor Targeting Computer Improved Melee Analysis Suite Advanced Melee Analysis Suite Improved Target Analyzer Improved Target Analyzer Graphene Brace System Shield Improved System Shield Advanced Corruption Screen > --- WEAPON ----------- Chainsword > --- INVENTORY -------- Q-thruster Q-thruster Q-thruster Supersonic Drone Bay Mini Grenade Launcher [Rating: 92] Favorites ----------- Power Light Ion Engine Engine Light Ion Engine Propulsion Flight Unit Flight Unit Flight Unit Utility Improved Terrain Scan Processor Device Advanced Terrain Scanner Processor Improved Terrain Scan Processor Hackware Improved System Shield Weapon Assault Rifle Ballistic Gun Assault Rifle Launcher Mini Grenade Launcher Slashing Weapon Chainsword Build | -11 -10 -10 -10 -9 -8 -7 -6 -5 -4 -4 -3 -2 ------- Run | Jun Mat Min Exi Min Mat Fac Fac Fac Fac DSF Res Res Slots Evolved 16 | . . . . . 4 2 2 2 2 . 2 2 Power . | . . . . . . . . . . . . . Propulsion . | . . . . . . . . . . . . . Utility 16 | . . . . . 4 2 2 2 2 . 2 2 Weapon . | . . . . . . . . . . . . . Parts Attached 57 | 1 2 4 1 1 4 2 13 8 2 . 5 14 Power 3 | . . . 1 . . . . 1 . . . 1 Engine 3 | . . . 1 . . . . 1 . . . 1 Core . | . . . . . . . . . . . . . Reactor . | . . . . . . . . . . . . . Propulsion 16 | . . 2 . 1 1 . 1 2 1 . 3 5 Treads . | . . . . . . . . . . . . . Leg . | . . . . . . . . . . . . . Wheel . | . . . . . . . . . . . . . Hover . | . . . . . . . . . . . . . Flight 16 | . . 2 . 1 1 . 1 2 1 . 3 5 Utility 30 | . 2 1 . . 3 2 7 5 1 . 2 7 Device 9 | . . 1 . . . . 2 1 1 . 1 3 Storage . | . . . . . . . . . . . . . Processor 17 | . 2 . . . 3 1 3 4 . . 1 3 Hackware 4 | . . . . . . 1 2 . . . . 1 Protection . | . . . . . . . . . . . . . Artifact . | . . . . . . . . . . . . . Weapon 8 | 1 . 1 . . . . 5 . . . . 1 Energy Gun . | . . . . . . . . . . . . . Energy Cannon . | . . . . . . . . . . . . . Ballistic Gun 3 | 1 . 1 . . . . 1 . . . . . Ballistic Cannon . | . . . . . . . . . . . . . Launcher 4 | . . . . . . . 3 . . . . 1 Special Weapon . | . . . . . . . . . . . . . Impact Weapon . | . . . . . . . . . . . . . Slashing Weapon 1 | . . . . . . . 1 . . . . . Piercing Weapon . | . . . . . . . . . . . . . Special Melee Weapon . | . . . . . . . . . . . . . Unidentified Prototypes 6 | . . . . . . . 2 . . . 1 3 Parts Lost 30 | . . . . . 1 . 4 5 . . 4 16 Power 3 | . . . . . . . 1 . . . 1 1 Propulsion 10 | . . . . . 1 . . 2 . . . 7 Utility 14 | . . . . . . . 1 3 . . 3 7 Weapon 3 | . . . . . . . 2 . . . . 1 Highest Loss Streak 14 | . . . . . 1 . 2 5 . . 2 14 To Critical Strikes . | . . . . . . . . . . . . . Average Slot Usage (%) 77 | . 35 63 92 100 69 83 81 80 84 89 75 68 Engine 4 | . . . 7 14 9 7 3 . 5 5 4 2 Flight 12 | . . 17 28 28 18 15 13 10 10 10 9 7 Device 9 | . . 3 14 14 9 7 11 7 5 10 9 7 Processor 35 | . 21 24 14 14 15 31 37 44 52 52 41 39 Hackware 5 | . . . . . . 5 10 8 5 5 4 6 Ballistic Gun 5 | . 14 17 28 28 18 15 2 . . . . . Slashing Weapon 2 | . . . . . . . 1 5 5 5 4 2 Naked Turns . | . . . . . . . . . . . . . Heaviest Build 8 | 2 2 5 8 8 8 8 8 7 8 8 8 8 Greatest Support 16 | 3 3 8 8 8 8 8 10 10 11 11 16 16 Greatest Overweight (x) . | . . . . . . . . . . . . . Average Overweight (x) . | . . . . . . . . . . . . . Largest Inventory Capacity 5 | 5 5 5 5 5 5 5 5 5 5 5 5 5 Average Capacity 5 | 5 5 5 5 5 5 5 5 5 5 5 5 5 Most Carried 5 | 4 4 5 5 5 5 4 5 5 5 5 5 5 Average Carried 4 | 2 4 4 4 4 4 4 4 4 5 5 5 4 Final Capacity 5 | 5 5 5 5 5 5 5 5 5 5 5 5 5 Final Carried 5 | 4 4 5 4 5 4 4 5 5 5 5 5 2 Class Distribution -------------------- 36% | Scout 31% | Hacker-Scout 31% | Mutant Dominant Class ---------------- Mutant | -10/Materials Mutant | -10/Mines Mutant | -10/Exiles Mutant | -9/Mines Mutant | -8/Materials Mutant | -7/Factory Hacker-Scout | -6/Factory Scout | -5/Factory Scout | -4/Factory Scout | -4/DSF Scout | -3/Research Hacker-Scout | -2/Research Resources | -11 -10 -10 -10 -9 -8 -7 -6 -5 -4 -4 -3 -2 ----------- Run | Jun Mat Min Exi Min Mat Fac Fac Fac Fac DSF Res Res Matter Collected 842 | 210 . 64 15 38 130 40 37 202 36 . 40 30 Remotely . | . . . . . . . . . . . . . Salvage Created 817 | . . 39 . 31 142 40 98 185 . . 144 138 Parts 55 | . . 2 . 4 8 2 8 14 . . 8 9 Haulers Intercepted 1 | . . . . . 1 . . . . . . . Recyclers Shooed . | . . . . . . . . . . . . . Parts Field Recycled . | . . . . . . . . . . . . . Retrieved Matter . | . . . . . . . . . . . . . Parts Self-Destructed . | . . . . . . . . . . . . . Prevented . | . . . . . . . . . . . . . Kills | -11 -10 -10 -10 -9 -8 -7 -6 -5 -4 -4 -3 -2 ------- Run | Jun Mat Min Exi Min Mat Fac Fac Fac Fac DSF Res Res Combat Hostiles Destroyed 19 | . . 2 . 2 2 . 3 3 . . 4 3 Melee 7 | . . . . . . . . 3 . . 4 . Guns 8 | . . 2 . 2 2 . 2 . . . . . AOE 4 | . . . . . . . 1 . . . . 3 Classes Destroyed 8 | . . 1 . . 2 1 2 2 . . . . Worker 4 | . . . . . . . 1 1 . . . 2 Tunneler 2 | . . . . . . . 1 . . . . 1 Hauler 1 | . . . . . 1 . . . . . . . Watcher 1 | . . . . . . 1 . . . . . . Swarmer 14 | . . 2 . 2 . . 3 . . . 4 3 Grunt 2 | . . . . . 2 . . . . . . . Hunter 1 | . . . . . . . . 1 . . . . Programmer 2 | . . . . . . . . 2 . . . . Best Kill Streak 3 | . . 2 . 2 3 1 3 2 . . 2 3 Combat Bots Only 3 | . . 2 . 2 2 . 3 1 . . 2 3 Max Kills in Single Turn 2 | . . 1 . 1 1 1 1 1 . . 1 2 Gunslinging . | . . . . . . . . . . . . . Exploded 2 | . . . . . . . 1 . . . . 2 Melee 1 | . . . . . . . . 1 . . 1 . Uniques/NPCs Destroyed . | . . . . . . . . . . . . . Combat | -11 -10 -10 -10 -9 -8 -7 -6 -5 -4 -4 -3 -2 -------- Run | Jun Mat Min Exi Min Mat Fac Fac Fac Fac DSF Res Res Damage Taken 3460 | . 77 32 . . 205 . 347 320 . . 292 2187 Core 2077 | . 33 22 . . 99 . 153 195 . . 109 1466 Absorbed by Shields 15 | . . . . . . . 15 . . . . . Core Remaining (%) 89 | 100 . . . 78 82 100 82 80 . 100 91 . Volleys Fired 41 | . . 3 . 3 20 3 10 . . . . 2 Largest 2 | . . 1 . 2 2 2 2 . . . . 1 Hottest 40 | . . 20 . 40 40 40 40 . . . . 30 Shots Fired 74 | . . 3 . 6 40 6 17 . . . . 2 Gun 69 | . . 3 . 6 40 6 14 . . . . . Cannon . | . . . . . . . . . . . . . Launcher 5 | . . . . . . . 3 . . . . 2 Special . | . . . . . . . . . . . . . Kinetic 69 | . . 3 . 6 40 6 14 . . . . . Thermal . | . . . . . . . . . . . . . Explosive 5 | . . . . . . . 3 . . . . 2 Electromagnetic . | . . . . . . . . . . . . . Robot Hit Streak 16 | . . 3 . 5 13 16 4 . . . . 1 Robot Miss Streak 4 | . . . . 1 3 1 3 . . . . 4 Penetration Max . | . . . . . . . . . . . . . Secondary Targets 1 | . . . . . 1 . . . . . . . Max Gunslinging Chain 1 | . . . . . 1 . . . . . . . Shots Hit Robots 73 | . . 3 . 4 29 4 9 11 . . 9 4 Core Hits 37 | . . 2 . 2 8 2 8 4 . . 4 7 Critical Kills . | . . . . . . . . . . . . . Critical Parts Destroyed . | . . . . . . . . . . . . . Critical Strikes 2 | . . . . . . . . 2 . . . . Sever 2 | . . . . . . . . 2 . . . . Melee Attacks 34 | . . . . . . . 3 15 . . 13 3 Impact . | . . . . . . . . . . . . . Slashing 34 | . . . . . . . 3 15 . . 13 3 Piercing . | . . . . . . . . . . . . . Sneak Attacks 7 | . . . . . . . 1 2 . . 1 3 Combat Hostiles 2 | . . . . . . . . 1 . . 1 . Follow-up Attacks . | . . . . . . . . . . . . . Damage Inflicted 2195 | . . 35 . 47 401 52 305 503 . . 395 457 Guns 652 | . . 35 . 47 401 52 117 . . . . . Cannons . | . . . . . . . . . . . . . Explosions 335 | . . . . . . . 103 . . . . 232 Melee 1208 | . . . . . . . 85 503 . . 395 225 Ramming . | . . . . . . . . . . . . . Kinetic 652 | . . 35 . 47 401 52 117 . . . . . Thermal . | . . . . . . . . . . . . . Explosive 335 | . . . . . . . 103 . . . . 232 Electromagnetic . | . . . . . . . . . . . . . Impact . | . . . . . . . . . . . . . Slashing 1208 | . . . . . . . 85 503 . . 395 225 Piercing . | . . . . . . . . . . . . . Highest Corruption 3 | . 1 1 1 1 . . 3 . . . 1 3 Average Corruption 1 | . 1 1 1 1 . . 2 . . . 1 2 Corruption Purged . | . . . . . . . . . . . . . Corruption Blocked . | . . . . . . . . . . . . . Effects 5 | . . . . 1 . . 3 . . . . 1 Message Errors 2 | . . . . . . . 2 . . . . . Matter Fused 2 | . . . . 1 . . 1 . . . . . Data Loss (minor) 1 | . . . . . . . . . . . . 1 Overload Shots . | . . . . . . . . . . . . . Overflow Damage 183 | . . . . . . . 45 48 . . 21 69 Projectiles . | . . . . . . . . . . . . . Explosions 28 | . . . . . . . . . . . . 28 Melee 155 | . . . . . . . 45 48 . . 21 41 Knockbacks . | . . . . . . . . . . . . . Impact . | . . . . . . . . . . . . . Kinetic . | . . . . . . . . . . . . . Secondary . | . . . . . . . . . . . . . Self-Inflicted Damage 65 | . . . . . . . 65 . . . . . Shots 2 | . . . . . . . 2 . . . . . Rammed . | . . . . . . . . . . . . . Targets Rammed . | . . . . . . . . . . . . . Kicked . | . . . . . . . . . . . . . Crushed . | . . . . . . . . . . . . . Highest Temperature 7 | . . . . . 7 . . . . . . . Average Temperature 7 | . . . . . 7 . . . . . . . Received Heat Transfer 492 | . . . . . 135 . 24 18 . . 9 306 Siege Activations . | . . . . . . . . . . . . . Robots Corrupted . | . . . . . . . . . . . . . Combat Hostiles . | . . . . . . . . . . . . . Parts Fried . | . . . . . . . . . . . . . Impact Corruptions . | . . . . . . . . . . . . . Robots Melted . | . . . . . . . . . . . . . Combat Hostiles . | . . . . . . . . . . . . . Parts Melted . | . . . . . . . . . . . . . Heat Transferred . | . . . . . . . . . . . . . Parts Sabotaged . | . . . . . . . . . . . . . Parts Stolen . | . . . . . . . . . . . . . Parts Stripped . | . . . . . . . . . . . . . Power Chain Reactions . | . . . . . . . . . . . . . Missiles Intercepted . | . . . . . . . . . . . . . Alert | -11 -10 -10 -10 -9 -8 -7 -6 -5 -4 -4 -3 -2 ------- Run | Jun Mat Min Exi Min Mat Fac Fac Fac Fac DSF Res Res Peak Influence 350 | . 13 54 . 100 100 77 350 203 99 84 209 165 Initial 105 | . . 4 . . 39 40 37 76 99 69 47 105 Average 117 | . 5 44 . 18 57 55 212 107 99 72 142 86 Maximum Alert Level 1 | . . . . . . . 1 1 . . 1 . Low Security (%) 88 | 100 100 100 . 100 100 100 53 93 100 100 95 100 Level 1 11 | . . . . . . . 46 6 . . 4 . Level 2 . | . . . . . . . . . . . . . Level 3 . | . . . . . . . . . . . . . Level 4 . | . . . . . . . . . . . . . Level 5 . | . . . . . . . . . . . . . High Security . | . . . . . . . . . . . . . Max Security . | . . . . . . . . . . . . . Squads Dispatched 6 | . 1 . . . 2 . 1 . . . . 2 Investigation 3 | . . . . . 1 . . . . . . 2 Extermination . | . . . . . . . . . . . . . Reinforcement 3 | . 1 . . . 1 . 1 . . . . . Assault . | . . . . . . . . . . . . . Garrison . | . . . . . . . . . . . . . Intercept . | . . . . . . . . . . . . . Searches Triggered . | . . . . . . . . . . . . . Construction Impeded . | . . . . . . . . . . . . . Haulers Reinforced . | . . . . . . . . . . . . . Active Scanning Responses . | . . . . . . . . . . . . . Cargo Convoy Interrupts . | . . . . . . . . . . . . . Stealth | -11 -10 -10 -10 -9 -8 -7 -6 -5 -4 -4 -3 -2 --------- Run | Jun Mat Min Exi Min Mat Fac Fac Fac Fac DSF Res Res Distress Signals 2 | . . . . . . . 1 . . . 1 . Communications Jammed . | . . . . . . . . . . . . . Distress Signals . | . . . . . . . . . . . . . Times Spotted 75 | . 1 3 . 4 11 2 19 4 . . 10 21 Peak Tracking Total 15 | . . 3 . 4 4 1 7 2 . 1 6 15 Tactical Retreats 15 | . . . . . 1 . 5 1 . . 3 5 Traps | -11 -10 -10 -10 -9 -8 -7 -6 -5 -4 -4 -3 -2 ------- Run | Jun Mat Min Exi Min Mat Fac Fac Fac Fac DSF Res Res Traps Triggered 4 | . 1 . . . . . 3 . . . . . Indirectly . | . . . . . . . . . . . . . Trap Hack Attempts . | . . . . . . . . . . . . . Triggered . | . . . . . . . . . . . . . Disarmed . | . . . . . . . . . . . . . Reprogrammed . | . . . . . . . . . . . . . Reused . | . . . . . . . . . . . . . Traps Extracted . | . . . . . . . . . . . . . Installed . | . . . . . . . . . . . . . Triggered . | . . . . . . . . . . . . . Machines | -11 -10 -10 -10 -9 -8 -7 -6 -5 -4 -4 -3 -2 ---------- Run | Jun Mat Min Exi Min Mat Fac Fac Fac Fac DSF Res Res Machines Disabled 1 | . . . . . 1 . . . . . . . Max in Single Turn . | . . . . . . . . . . . . . Garrison Access 2 | . . . . . . . 1 . . . . 1 Machines Repaired . | . . . . . . . . . . . . . Machines Sabotaged . | . . . . . . . . . . . . . Overloaded Fab Kills . | . . . . . . . . . . . . . Hacking | -11 -10 -10 -10 -9 -8 -7 -6 -5 -4 -4 -3 -2 --------- Run | Jun Mat Min Exi Min Mat Fac Fac Fac Fac DSF Res Res Machines Accessed 31 | . 1 . 2 . 4 1 9 . 2 . 1 11 Terminals 20 | . 1 . . . 4 1 6 . 1 . . 7 Fabricators 3 | . . . . . . . 2 . . . . 1 Repair Stations . | . . . . . . . . . . . . . Recycling Units 3 | . . . . . . . . . 1 . 1 1 Scanalyzers . | . . . . . . . . . . . . . Garrison Access 3 | . . . . . . . 1 . . . . 2 Total Hacks 65 | . 2 . 2 . 10 1 19 . 3 . 1 27 Successful 23 | . 2 . 2 . 2 . 5 . 2 . 1 9 Failed 42 | . . . . . 8 1 14 . 1 . . 18 Catastrophic 14 | . . . . . 1 . 5 . . . . 8 Database Lockouts . | . . . . . . . . . . . . . Manual 35 | . 2 . 1 . 2 1 11 . . . . 18 Terminals 49 | . 2 . . . 10 1 13 . 2 . . 21 Fabricators 5 | . . . . . . . 4 . . . . 1 Repair Stations . | . . . . . . . . . . . . . Recycling Units 4 | . . . . . . . . . 1 . 1 2 Scanalyzers . | . . . . . . . . . . . . . Garrison Access 5 | . . . . . . . 2 . . . . 3 Terminal Hacks 7 | . 1 . 2 . 2 . . . 1 . . 1 Record 1 | . . . 1 . . . . . . . . . Open DSF 1 | . . . . . . . . . 1 . . . Branch Access Points 1 | . 1 . . . . . . . . . . . Unreport Threat 2 | . . . . . 1 . . . . . . 1 Zone Layout 1 | . . . . . 1 . . . . . . . EX-Prototype ID Bank 1 | . . . 1 . . . . . . . . . Fabricator Hacks . | . . . . . . . . . . . . . Repair Station Hacks . | . . . . . . . . . . . . . Recycling Unit Hacks 3 | . . . . . . . . . 1 . 1 1 Report Inventory 2 | . . . . . . . . . 1 . 1 . Retrieve Components 1 | . . . . . . . . . . . . 1 Scanalyzer . | . . . . . . . . . . . . . Garrison Access Hacks 2 | . . . . . . . 1 . . . . 1 Seal Access 2 | . . . . . . . 1 . . . . 1 Unauthorized Hacks 11 | . 1 . . . . . 4 . . . . 6 Terminals 10 | . 1 . . . . . 4 . . . . 5 Botnet 10 | . 1 . . . . . 4 . . . . 5 Fabricators 1 | . . . . . . . . . . . . 1 Overload 1 | . . . . . . . . . . . . 1 Repair Stations . | . . . . . . . . . . . . . Recycling Units . | . . . . . . . . . . . . . Scanalyzers . | . . . . . . . . . . . . . Garrison Access . | . . . . . . . . . . . . . Data Cores Recovered . | . . . . . . . . . . . . . Used . | . . . . . . . . . . . . . Hacking Detections 23 | . . . . . 4 1 9 . . . . 9 Full Trace Events 3 | . . . . . 2 . . . . . . 1 Feedback Events . | . . . . . . . . . . . . . Feedback Blocked . | . . . . . . . . . . . . . Robot Schematics Acquired . | . . . . . . . . . . . . . Robots Built . | . . . . . . . . . . . . . Authchips . | . . . . . . . . . . . . . Time . | . . . . . . . . . . . . . Total Robot Build Rating . | . . . . . . . . . . . . . Part Schematics Acquired . | . . . . . . . . . . . . . Parts Built . | . . . . . . . . . . . . . Authchips . | . . . . . . . . . . . . . Time . | . . . . . . . . . . . . . Total Part Build Rating . | . . . . . . . . . . . . . Parts Repaired . | . . . . . . . . . . . . . Time . | . . . . . . . . . . . . . Parts Recycled . | . . . . . . . . . . . . . Recycled Matter . | . . . . . . . . . . . . . Retrieved Matter . | . . . . . . . . . . . . . Retrieved Components 3 | . . . . . . . . . . . . 3 Parts Scanalyzed . | . . . . . . . . . . . . . Part Schematics Acquired . | . . . . . . . . . . . . . Parts Damaged . | . . . . . . . . . . . . . Bothacking | -11 -10 -10 -10 -9 -8 -7 -6 -5 -4 -4 -3 -2 ------------ Run | Jun Mat Min Exi Min Mat Fac Fac Fac Fac DSF Res Res Used RIF Installer . | . . . . . . . . . . . . . Robots Hacked . | . . . . . . . . . . . . . Non-combat . | . . . . . . . . . . . . . Combat . | . . . . . . . . . . . . . Robot Hacks Applied . | . . . . . . . . . . . . . Relay Couplers Released . | . . . . . . . . . . . . . Fabnet Peak Effective % . | . . . . . . . . . . . . . Robots Rewired . | . . . . . . . . . . . . . Allies Hacked . | . . . . . . . . . . . . . Hacks Repelled . | . . . . . . . . . . . . . Allies | -11 -10 -10 -10 -9 -8 -7 -6 -5 -4 -4 -3 -2 -------- Run | Jun Mat Min Exi Min Mat Fac Fac Fac Fac DSF Res Res Total Allies 2 | . . . . 2 . . . . . . . . Largest Group 2 | . . . . 2 2 . . . . . . . Highest-Rated Group 45 | . . . . 45 45 . . . . . . . Highest-Rated Ally 31 | . . . . 31 31 . . . . . . . Total Orders . | . . . . . . . . . . . . . Ally Attacks 30 | . . . . 4 26 . . . . . . . Total Damage 338 | . . . . 62 276 . . . . . . . Kills 4 | . . . . 2 2 . . . . . . . Allies Corrupted . | . . . . . . . . . . . . . Allies Melted . | . . . . . . . . . . . . . Intel | -11 -10 -10 -10 -9 -8 -7 -6 -5 -4 -4 -3 -2 ------- Run | Jun Mat Min Exi Min Mat Fac Fac Fac Fac DSF Res Res Robot Analysis Total . | . . . . . . . . . . . . . Derelict Logs Recovered . | . . . . . . . . . . . . . Drone Launches . | . . . . . . . . . . . . . Drone Recoveries . | . . . . . . . . . . . . . Exploration | -11 -10 -10 -10 -9 -8 -7 -6 -5 -4 -4 -3 -2 ------------- Run | Jun Mat Min Exi Min Mat Fac Fac Fac Fac DSF Res Res Turns Passed 2276 | 32 44 33 89 124 160 79 480 341 69 16 391 418 Spaces Moved 3315 | 52 79 45 233 177 223 110 829 307 174 40 250 796 Core 215 | 52 79 7 . . . . . . . . . 77 Treads . | . . . . . . . . . . . . . Legs . | . . . . . . . . . . . . . Wheels . | . . . . . . . . . . . . . Hover . | . . . . . . . . . . . . . Flight 3100 | . . 38 233 177 223 110 829 307 174 40 250 719 Fastest Speed 34 | 50 50 37 37 37 37 37 37 34 34 34 34 37 Average Speed 37 | 50 50 39 37 37 37 37 37 35 34 34 36 38 Slowest Speed 50 | 50 50 50 37 37 37 37 37 40 34 34 37 50 Overloaded Moves . | . . . . . . . . . . . . . Propulsion Burnouts . | . . . . . . . . . . . . . Robots Hopped 13 | . . . . 1 3 1 2 . . . 2 4 Cave-ins Triggered . | . . . . . . . . . . . . . Exploration Rate (%) 20 | 3 24 5 60 40 22 3 26 7 5 41 9 24 Regions Visited 12 Branch Regions 3 Pre-discovered Areas 1 | . . . 1 . . . . . . . . . Known Exits Taken 6 | . 1 . . . . 1 1 1 1 . 1 . Unknown Exits Taken 5 | 1 . 1 1 1 1 . . . . . . . Scrap Searched 2 | . . 1 . 1 . . . . . . . . Spaces Dug 17 | . . . . . . . 15 1 . . 1 . Terrain Destroyed 50 | . . . . . . . 43 1 . . 1 5 Melee 4 | . . . . . . . 2 1 . . 1 . Projectile . | . . . . . . . . . . . . . AOE 46 | . . . . . . . 41 . . . . 5 Terrain Rammed . | . . . . . . . . . . . . . Walls Destroyed . | . . . . . . . . . . . . . Machines Disabled . | . . . . . . . . . . . . . Actions | -11 -10 -10 -10 -9 -8 -7 -6 -5 -4 -4 -3 -2 --------- Run | Jun Mat Min Exi Min Mat Fac Fac Fac Fac DSF Res Res Total 4190 | 57 81 55 235 229 256 139 977 512 184 41 528 896 Wait 700 | . 1 2 . 44 11 26 93 180 6 2 259 76 Move 3278 | 51 78 44 232 174 217 107 824 306 173 39 245 788 Hop 12 | . . . . 1 2 1 2 . . . 2 4 Pick Up 18 | 5 . 1 1 3 1 . 1 2 1 . . 3 Fast Attach 40 | . 2 4 . . 3 2 10 6 1 . 2 10 Attach 12 | 1 . . 1 . 1 . 3 2 . . . 4 Detach 7 | . . 1 . . . . 5 . . . . 1 Swap 5 | . . . . 1 . . . . 1 . 3 . Drop 20 | . . . 1 3 1 . 3 1 2 . 4 5 Fire 41 | . . 3 . 3 20 3 10 . . . . 2 Melee 34 | . . . . . . . 3 15 . . 13 3 Ram . | . . . . . . . . . . . . . Kick . | . . . . . . . . . . . . . Crush . | . . . . . . . . . . . . . Escape Stasis 17 | . . . . . . . 17 . . . . . Rewire 6 | . . . . . . . 6 . . . . . Trap . | . . . . . . . . . . . . . Miscellaneous . | . . . . . . . . . . . . . Route ------- -11/Junkyard -10/Materials -10/Mines -10/Exiles -9/Mines -8/Materials -7/Factory -6/Factory -5/Factory -4/Factory (discovered 2 exits: *Upp / DSF) -4/DSF -3/Research -2/Research History --------- Turn | Location | Event 7 | -11/Junkyard | Discovered new exit (range 16) 33 | -11/Junkyard | Entered Materials 58 | -10/Materials | Identified exit to Mines 77 | -10/Materials | Entered Mines 108 | -10/Mines | Deemed a non-threat by the Exiles lab entrance 108 | -10/Mines | Discovered new exit (range 6) 110 | -10/Mines | Entered Exiles 120 | -10/Exiles | Met 8R-AWN 126 | -10/Exiles | Met EX-HEX 136 | -10/Exiles | Met EX-BIN 140 | -10/Exiles | Aligned with FarCom system 141 | -10/Exiles | Given EX-Vault access code 149 | -10/Exiles | Opened EX-Vault 154 | -10/Exiles | Found Supersonic Drone Bay 163 | -10/Exiles | Warned to stay clear of 0b10 Research branches 174 | -10/Exiles | Met EX-DEC 180 | -10/Exiles | Learned location of Zion (-6) 195 | -10/Exiles | Discovered new exit (range 14) 199 | -10/Exiles | Left Exiles lab with Supersonic Drone Bay 199 | -10/Exiles | Entered Mines 247 | -9/Mines | Discovered new exit (range 8) 323 | -9/Mines | Entered Materials 323 | -8/Materials | Accompanied by 2 allies 323 | -8/Materials | Evolved 4 slots: Utility x4 329 | -8/Materials | Led the pair of lost Derelicts to an unsafe place 333 | -8/Materials | Build established: Mutant 480 | -8/Materials | Discovered new exit (range 9) 483 | -8/Materials | Entered Factory 483 | -7/Factory | Evolved 2 slots: Utility x2 496 | -7/Factory | Discovered new exit (range 10) 561 | -7/Factory | Identified exit to Factory 562 | -7/Factory | Entered another Factory area 562 | -6/Factory | Evolved 2 slots: Utility x2 594 | -6/Factory | Spotted B-75 Beast 1018 | -6/Factory | Discovered new exit (range 15) 1019 | -6/Factory | Build established: Hacker-Scout 1042 | -6/Factory | Identified exit to Factory 1042 | -6/Factory | Entered another Factory area 1042 | -5/Factory | Evolved 2 slots: Utility x2 1284 | -5/Factory | Lost 5 parts (2n3u) 1361 | -5/Factory | Discovered new exit (range 8) 1383 | -5/Factory | Identified exit to Factory 1383 | -5/Factory | Entered another Factory area 1383 | -4/Factory | Evolved 2 slots: Utility x2 1413 | -4/Factory | Discovered new exit (range 15) 1418 | -4/Factory | Identified exit to Upper Caves 1452 | -4/Factory | Identified exit to DSF 1452 | -4/Factory | Entered DSF 1460 | -4/DSF | Discovered new exit (range 12) 1467 | -4/DSF | Identified exit to Research 1468 | -4/DSF | Entered Research 1468 | -3/Research | Evolved 2 slots: Utility x2 1537 | -3/Research | Build established: Scout 1817 | -3/Research | Discovered new exit (range 12) 1858 | -3/Research | Identified exit to Research 1859 | -3/Research | Entered another Research area 1859 | -2/Research | Evolved 2 slots: Utility x2 2225 | -2/Research | Spotted B-90 Cyclops 2258 | -2/Research | Core integrity fell below 50% 2270 | -2/Research | Core integrity fell below 20% 2277 | -2/Research | Destroyed by Y-72 Warden with Railgun Last Messages --------------- 02243_ Fabricator powers down. 02249_ Connecting with Recycling Unit... >>Retrieve(Components) Retrieving 3 components... Adv. Remote Datajack Corrupted Authchip [Propulsion] Prototype Device 02252_ S-43 Plague destroyed. 02252_ Destroyed Xenon Bombardment Thruster. 02254_ S-43 Plague destroyed. 02254_ Adv. Signal Interpreter destroyed. 02258_ Acquired 20 matter. 02260_ Graphene Brace destroyed. 02260_ Acquired Xenon Bombardment Thruster. 02263_ System corrupted: Component data lost. 02263_ Xenon Bombardment Thruster destroyed. 02264_ Critical hit (Burn: +37). 02270_ Penetrated by Slug. 02270_ Slug penetrates Prototyping Station. 02273_ U-05 Engineer builds a Wall. Map ----- +----------------------------------------------------+ | #??#?#??# ] """# "T" # # ??????? ???#???? | | ??##?#?## "" # " " # # ?? ???? ???????? | | ??###??## # # #?????? ???????????? | | ???##?#?# # # #? ? ????????#????? | | ?##?##??########## # #?? ?? ?? ????????? | | #???##??#????##??# + #???? ?????????????? | | ??#??#?######?#?# [[[ # #????????? ? ??????? | | ??#?????##?#?#??##[[ # #??? ? ?? ?? ?????? | | ????##?#?#???#?#?#[[ ?# #????? ?? ??? ?????? | | ??#??#???####??#?# ?# #? ??? ???? ???????? | | ???##???#???#??### ? # #?#????????????????? | | ?????##?##?????#?# # #???? ? ???????????? | | ????????????#?##?# # #??????##???#??????? | | ??????##???????#?# ??# #????? #??#????????? | | ?????????#?????#########?# #???? u#???????????? | | ????#???#???????# ?# #??? #???????????? | | ????????????????# # ##? #?#?????????? | | ??????#?????????# "" # ### #???????????? | | ?????????#??????# """ + #???????????? | | ??????????????#?# R" # #???????????? | | ????????????????# """ # #???????????? | | ????????????????# "" ?# #???????????? | | ????????????????? ?# ;#######???????????? | | ????????????????# ??# ;; ###????????###?# | | ????????????????########## #; ;;########## ### | | ????????????????# @ | | ????????????????# # t gg | | ????????????????# // # gs Y [%* | | ????????????????# / # b gg "" | | ????????????????# " """ gg "" | | ????????????????# # """" g B | | ????????????????# # """" lB = "F | | ????????????????# # """ ]= "" | | ????????????????# # | | ????????????????########## | | ?????????????????????????# | | ?????????????????????????########+################ | | ??????????????????????????????? ?????????????? | | ?????????????????????????????# !???????????? | | ?????????????????????????????# """" #??????????? | | ?????????????????????????????# """" #??????????? | | ?????????????????????????????# """" #??????????? | | ?????????????????????????????# """" #??????????? | | ?????????????????????????????# """" #??????????? | | ?????????????????????????????#* ????? #??????????? | | ?????????????????????????????# ???????#??????????? | | ?????????????????????????????##??????????????????? | | ?????????????????????????????????????????????????? | | ?????????????????????????????????????????????????? | | ?????????????????????????????????????????????????? | +----------------------------------------------------+ Best States ------------- Heat Dissipation 49 Energy Generation 10 Energy Capacity 125 Matter Stores 300 Matter Capacity 300 Sight Range 16 Terrain Scan Range 20 Terrain Scan Density 485 Corruption Containment 8 Corruption Block 20 Evasion (%) 63 Targeting Accuracy 10 Melee Accuracy 18 Target Analysis 9 Offensive Hacking 10 Defensive Hacking 22 Item Schematics ----------------- None Robot Schematics ------------------ None Fabricated ------------ Nothing Alien Tech Used ----------------- None Achievements -------------- None Challenges ------------ None Game ------ Seed BiocellMatterBoomstick Manual? 0 Play Time 00:36:21 Cumulative 306.6 hours Start 2023.02.19 @ 14:07:19 End 2023.02.19 @ 14:40:15 Sessions 1 Manual Loads 0 Difficulty Rogue Special Mode None Game No. 209 Rogue 209 Adventurer 0 Explorer 0 Win Type - Total 18 Types 15/0/2/1/0/0/0/0/0 Lore% 68 Gallery% 84 Achievement% 65 Wizard Run 0 Options --------- ASCII 0 Keyboard 1 Movement Numpad Keybinds 0 Fullscreen 2 Font 18/SmallcapsGlow Map View 76x50 Tactical HUD 1 Map Filters NONE Filters NONE Steam 1 RUN: 3390deca-ddc1-4da6-8bd4-187881502721